Map: Blackpink LE

Players

kauP

  • Race: Terran Terran
  • Spawn Location: 1:00

Harstem - Winner!

  • Race: Protoss Protoss
  • Spawn Location: 7:00

Event: WCS Leipzig 2018

VOD

Have the link to the VOD?

Description

Time

  • Played on: Jan. 26, 2018, 7:32 a.m.
  • Length: 9:36

All games in this series

Show
View Real Time Build Order
Export as new Build Order

kauP Terran 

Build Orders: Reaper Expand, MMM Bio 

Get SALT Encoding   

  12  0:00  SCV  
  13  0:13  SCV  
  14  0:17  Supply Depot  
  14  0:25  SCV  
  15  0:39  SCV, Barracks  
  16  0:43  Refinery  
  16  0:51  SCV  
  17  1:03  SCV  
  18  1:15  SCV  
  19  1:27  Orbital Command  
  19  1:28  Reaper  
  20  1:40  Command Center  
  20  1:51  Barracks  
  20  1:55  SCV  
  20  2:00  Barracks Reactor  
  21  2:05  Supply Depot  
  21  2:13  SCV  
  22  2:17  Barracks  
  22  2:25  SCV  
  23  2:36  Bunker  
  23  2:38  SCV, Marine x2  
  23  2:39  Barracks Tech Lab  
  26  2:50  SCV, Engineering Bay  
  27  2:56  Orbital Command  
  27  3:01  Stimpack  
  27  3:06  SCV  
  27  3:07  Marine  
  27  3:08  Marine  
  27  3:10  Marine  
  31  3:13  Marine  
  32  3:20  Terran Infantry Weapons Level 1  
  32  3:23  SCV  
  32  3:25  SCV, Marine  
  32  3:26  Marine  
  36  3:30  Marine x2  
  38  3:37  SCV, Supply Depot  
  39  3:42  Marine  
  39  3:46  SCV  
  39  3:47  Marine  
  39  3:48  Marine x2  
  41  3:49  SCV  
  41  3:54  Missile Turret  
  44  3:58  SCV  
  44  3:59  Supply Depot  
  44  4:00  Marine  
  44  4:01  SCV  
  47  4:07  Marine, Marauder  
  47  4:09  Marine  
  51  4:11  SCV  
  51  4:13  SCV  
  51  4:15  Supply Depot  
  53  4:22  Supply Depot  
  53  4:25  Marine  
  53  4:26  Marine  
  53  4:29  Marauder  
  56  4:37  Marine  
  54  4:43  Marine  
  54  4:50  Marauder  
  54  4:51  SCV x2  
  57  4:53  Factory  
  57  4:55  Refinery  
  57  4:56  Marine  
  57  4:57  Marine  
  58  5:10  Marine  
  58  5:11  Combat Shields, Marauder  
  61  5:14  Marine  
  61  5:15  Marine  
  61  5:19  SCV x2, Supply Depot  
  65  5:22  Refinery  
  65  5:29  Marine  
  65  5:32  SCV x2, Marine  
  65  5:33  Marine, Marauder  
  72  5:36  Supply Depot  
  72  5:42  Starport  
  72  5:48  SCV  
  72  5:49  SCV  
  74  5:52  Command Center  
  74  5:56  Factory Reactor  
  73  6:00  SCV  
  73  6:01  SCV  
  75  6:06  Terran Infantry Armor Level 1  
  75  6:07  Marine  
  75  6:08  Marine x2  
  75  6:09  Marauder  
  80  6:12  SCV  
  80  6:13  SCV  
  80  6:18  Refinery  
  82  6:19  Supply Depot  
  82  6:24  SCV  
  83  6:25  Barracks Tech Lab  
  83  6:26  SCV  
  83  6:31  Marine x2  
  83  6:32  Marauder  
  88  6:36  SCV  
  88  6:38  SCV  
  88  6:39  Medivac x2  
  94  6:43  Supply Depot  
  94  6:48  SCV, Marauder  
  94  6:49  Concussive Shells  
  94  6:50  SCV  
  94  6:52  Missile Turret  
  97  6:57  Factory Tech Lab  
  97  6:59  Marine  
  97  7:00  SCV, Marine  
  100  7:02  SCV, Barracks  
  100  7:03  Barracks  
  100  7:06  Supply Depot  
  100  7:07  Orbital Command  
  100  7:11  Medivac  
  100  7:13  SCV  
  100  7:14  SCV, Medivac  
  105  7:24  Marine, Marauder x2  
  105  7:25  SCV  
  105  7:26  SCV  
  109  7:32  Orbital Command  
  107  7:37  SCV  
  107  7:38  SCV, Marine  
  107  7:42  Marine  
  109  7:46  Medivac, Marauder x2  
  109  7:47  Medivac  
  109  7:49  SCV  
  109  7:50  SCV  
  119  8:03  Refinery  
  119  8:04  Refinery  
  110  8:08  Marine x2, Marauder  
  110  8:09  Marauder  
  100  8:14  SCV x2  
  100  8:16  Medivac  
  100  8:17  Medivac  
  100  8:18  Marine x2  
  102  8:29  Marine x2  
  102  8:30  Marauder x2  
  108  8:35  Marine  
  108  8:38  SCV x2, Engineering Bay  
  108  8:39  Armory, Barracks  
  111  8:51  Marauder x2  
  107  8:57  Marine x2  
  107  8:59  Widow Mine  
  95  9:03  SCV x2  
  83  9:13  Marauder x2  
  83  9:17  Marine x2  
Show
View Real Time Build Order
Export as new Build Order

Harstem Protoss - Winner!

Build Orders: 1 Gate Expand 

Get SALT Encoding   

  12  0:00  Probe  
  13  0:12  Probe  
  14  0:18  Pylon  
  14  0:24  Probe (Chrono Boost)  
  15  0:37  Gateway  
  15  0:38  Probe (Chrono Boost)  
  16  0:43  Probe (Chrono Boost)  
  16  0:46  Assimilator  
  17  0:53  Probe  
  18  1:05  Probe  
  19  1:20  Nexus  
  19  1:22  Probe  
  20  1:34  Cybernetics Core  
  20  1:36  Probe  
  21  1:43  Assimilator  
  21  1:48  Probe  
  21  1:51  Pylon  
  22  2:00  Probe  
  23  2:06  Warp Gate (Chrono Boost)  
  23  2:07  Stalker (Chrono Boost)  
  23  2:12  Probe  
  26  2:24  Probe  
  26  2:26  Robotics Facility  
  27  2:33  Probe  
  27  2:36  Probe  
  29  2:45  Probe  
  29  2:48  Probe  
  29  2:51  Gateway  
  31  2:54  Gateway  
  31  2:57  Probe  
  32  3:00  Probe  
  33  3:09  Probe  
  33  3:10  Warp Prism (Chrono Boost)  
  34  3:13  Probe  
  34  3:18  Stalker  
  39  3:21  Probe  
  39  3:25  Pylon  
  40  3:27  Probe  
  40  3:33  Probe  
  41  3:49  Probe x2  
  41  3:51  Observer  
  41  3:54  Pylon  
  44  3:56  Stalker x2  
  44  3:57  Stalker  
  44  4:01  Probe  
  51  4:03  Probe  
  51  4:04  Pylon  
  51  4:07  Twilight Council  
  52  4:10  Assimilator  
  52  4:19  Stalker x2  
  52  4:20  Stalker  
  52  4:22  Probe  
  59  4:25  Probe  
  58  4:34  Observer  
  58  4:35  Probe  
  59  4:38  Probe  
  59  4:41  Blink (Chrono Boost)  
  60  4:50  Nexus  
  60  4:54  Observer  
  61  5:00  Probe, Forge  
  61  5:02  Forge  
  62  5:12  Stalker x3  
  68  5:15  Pylon  
  68  5:24  Pylon  
  68  5:27  Gateway  
  68  5:29  Gateway  
  68  5:35  Sentry x2  
  72  5:37  Stalker  
  72  5:42  Probe, Protoss Ground Armor Level 1 (Chrono Boost)  
  75  5:44  Pylon  
  75  5:45  Probe  
  76  5:54  Probe  
  77  5:58  Probe  
  77  5:59  Stalker x2  
  82  6:05  Probe  
  82  6:06  Probe  
  82  6:11  Observer  
  85  6:12  Protoss Ground Weapons Level 1 (Chrono Boost)  
  85  6:14  Shield Battery  
  85  6:15  Gateway  
  86  6:19  Gateway  
  86  6:21  Probe, Gateway, Charge (Chrono Boost)  
  85  6:26  Probe  
  85  6:28  Probe  
  87  6:33  Probe  
  87  6:36  Immortal (Chrono Boost)  
  92  6:46  Probe, Pylon  
  94  6:48  Zealot  
  95  6:54  Zealot x3  
  95  6:57  Pylon  
  95  6:58  Pylon  
  95  7:00  Assimilator  
  101  7:05  Probe  
  101  7:07  Probe  
  103  7:11  Assimilator  
  103  7:13  Immortal (Chrono Boost)  
  108  7:17  Templar Archives  
  107  7:23  Zealot x3  
  107  7:24  Zealot x2  
  107  7:29  Zealot x2  
  121  7:32  Pylon  
  121  7:39  Zealot  
  123  7:45  Immortal  
  123  7:47  Stalker x3  
  131  7:52  Probe  
  131  7:53  Probe, Pylon  
  117  8:06  Zealot x2  
  117  8:07  Zealot x3  
  117  8:12  Zealot x3  
  129  8:31  Zealot x5  
  134  8:36  Zealot  
  129  8:52  Stalker x3  
  117  9:02  Stalker x2  
  117  9:03  Stalker x3  
  117  9:12  Probe x2  
  117  9:14  Probe  
  120  9:20  Zealot x3  
  118  9:24  Probe  
  118  9:27  Zealot x2  
  117  9:34  High Templar  
  117  9:35  Zealot  
Tags
 
Add a new tag
Caveats
  • Supply blocks, unpowered buildings, or Contaminate may cause inaccurate times.
  • Supply counts are checked every 10 seconds.